 Dungeon Crawl Stone Soup version 0.20.1-1-g8b1a95d (webtiles) character file.

124757 Inarius the Lord of Darkness (level 16, 0/122 HPs)
             Began as a Demonspawn Necromancer on July 6, 2017.
             Was the Champion of Kikubaaqudgha.
             Slain by a shambling mangrove (27 damage)
             ... on level 3 of the Swamp on July 7, 2017.
             The game lasted 03:14:28 (26072 turns).

Inarius the Lord of Darkness (DsNe)                Turns: 26072, Time: 03:14:29

Health: 0/122      AC: 14    Str:  9      XL:     16   Next: 40%
Magic:  18/44      EV: 11    Int: 32 (34) God:    Kikubaaqudgha [******]
Gold:   2005       SH:  6    Dex: 24      Spells: 1/39 levels left

rFire    + . .     SeeInvis +   I - +3 mace "Feary" {crush, +Inv MP+9 Int+2 Dex+4}
rCold    . . .     Gourm    .   Y - +0 buckler
rNeg     . . .     Faith    .   m - +1 robe of Light {Regen+ Str-2 Int+8 Dex+4}
rPois    .         Spirit   .   (helmet unavailable)
rElec    .         Reflect  .   H - +0 cloak
rCorr    .         Harm     .   d - +2 pair of gloves
MR       ++...     Clarity  +   x - +2 pair of boots
Stlth    ++........             h - amulet of magic regeneration
Regen    1.7/turn               N - +3 ring of intelligence
MPRegen  0.5/turn               U - ring of protection from magic

@: lethally poisoned (0 -> 0), grasped by roots, regenerating, very slow
A: antennae 3, talons 1, yellow scales 2, clarity, deformed body, deterioration
1, fire resistance 1, high mp 1, shaggy fur 1, spiny 3, strong 1, evolution 1,
flame cloud immunity
a: Receive Corpses, Torment, Brand Weapon With Pain, Receive Necronomicon,
Renounce Religion, Evoke Invisibility


You were on level 3 of the Swamp.
You worshipped Kikubaaqudgha.
Kikubaaqudgha was exalted by your worship.
You were hungry.

You visited 5 branches of the dungeon, and saw 27 of its levels.
You also visited: Bailey and Volcano.

You collected 2511 gold pieces.
You spent 506 gold pieces at shops.

Inventory:

Hand Weapons
 I - the +3 mace "Feary" (weapon) {crush, +Inv MP+9 Int+2 Dex+4}
   (You found it on level 6 of the Dungeon)

   It inflicts extra damage upon your enemies.
   It affects your intelligence (+2).
   It affects your dexterity (+4).
   It affects your magic capacity (+9).
   It lets you turn invisible.
 P - the +10 mace of the Rattle-Snake {protect, MR+}
   (You found it on level 7 of the Dungeon)

   It protects the one who uses it against injury (+AC on strike).
   It affects your resistance to hostile enchantments.
 R - the +5 whip of Hamu {protect, +Blink rF+}
   (You found it on level 7 of the Dungeon)

   It protects the one who uses it against injury (+AC on strike).
   It protects you from fire.
   It lets you blink.
 T - the +4 flail of Benudd {crush, rElec Dex+4 SInv Stlth+}
   (You found it on level 7 of the Dungeon)

   It inflicts extra damage upon your enemies.
   It affects your dexterity (+4).
   It insulates you from electricity.
   It lets you see invisible.
   It makes you more stealthy.
Armour
 d - a +2 pair of gloves (worn)
 m - the +1 robe of Light (worn) {Regen+ Str-2 Int+8 Dex+4}
   (You found it on level 6 of the Lair of Beasts)

   It affects your strength (-2).
   It affects your intelligence (+8).
   It affects your dexterity (+4).
   It increases your rate of regeneration.
 r - +0 fire dragon scales
 x - a +2 pair of boots (worn)
 H - a +0 cloak (worn)
 O - a +0 large shield
 Y - a +0 buckler (worn)
Magical Staves
 b - an uncursed staff of death
 J - an uncursed staff of power
 Q - an uncursed staff of wizardry
Jewellery
 h - an amulet of magic regeneration (around neck)
 l - an uncursed ring of positive energy
 C - an uncursed ring of protection from fire
 L - an uncursed ring of poison resistance
 M - an uncursed ring of wizardry
 N - a +3 ring of intelligence (left hand)
 U - a ring of protection from magic (right hand)
 X - the amulet of Duifet {Gourm MR+ Int-3 Dex+9}
   (You acquired it on level 14 of the Dungeon)

   [amulet of the gourmand]

   It allows you to eat raw meat even when not hungry.
   It affects your intelligence (-3).
   It affects your dexterity (+9).
   It affects your resistance to hostile enchantments.
 Z - a +3 ring of strength
Wands
 n - a wand of iceblast (3/15)
 s - a wand of acid (13/15)
 t - a wand of digging (15/24)
 y - a wand of lightning (11/15)
 V - a wand of clouds (5/9)
 W - a wand of disintegration (10/24)
Scrolls
 f - 2 scrolls of fog
 g - 9 scrolls of magic mapping
 A - 3 scrolls of fear
 D - 10 scrolls of teleportation
 E - 9 scrolls of remove curse
 S - a scroll of summoning
Potions
 c - 7 potions of brilliance
 e - 4 potions of resistance
 i - 3 potions of magic
 j - a potion of heal wounds
 k - 3 potions of cancellation
 o - 9 potions of curing
 p - 3 potions of flight
 q - 8 potions of haste
 u - 3 potions of ambrosia
 z - 2 potions of might
 B - a potion of invisibility
 K - 3 potions of agility
Miscellaneous
 F - a lamp of fire
Comestibles
 a - 10 fruits
 v - 11 bread rations
 w - 13 royal jellies
 G - 3 meat rations


   Skills:
 * Level 10.0 Fighting
 + Level 6.4 Maces & Flails
   Level 0.5 Polearms
 + Level 5.8 Armour
 + Level 4.8 Dodging
 - Level 1.7 Stealth
 - Level 4.3 Shields
 - Level 12.4 Spellcasting
 * Level 7.9 Conjurations
 + Level 3.8 Charms
 * Level 19.1 Necromancy
 * Level 5.9 Evocations


You had one spell level left.
You knew the following spells:

 Your Spells              Type           Power        Failure   Level  Hunger
a - Pain                  Necr           ####         0%          1    None
b - Animate Skeleton      Necr           N/A          0%          1    None
c - Vampiric Draining     Necr           #######...   0%          3    None
d - Regeneration          Chrm/Necr      #######...   1%          3    None
e - Animate Dead          Necr           N/A          0%          4    None
f - Control Undead        Necr           #######...   0%          4    None
g - Agony                 Necr           #######.     1%          5    #......
h - Bolt of Draining      Conj/Necr      #######...   1%          5    #......
i - Dispel Undead         Necr           #######.     1%          5    #......
j - Sublimation of Blood  Necr           #######...   0%          2    None
k - Excruciating Wounds   Chrm/Necr      #######...   1%          5    #......


Dungeon Overview and Level Annotations

Branches:
Dungeon (15/15)            Temple (1/1) D:4            Lair (6/6) D:11
  Swamp (3/4) Lair:4        Snake (0/4) Lair:2        Slime (0/5) Lair:6
    Orc (2/2) D:9             Elf (0/3) Orc:2        Vaults (0/5) D:14
 Depths (0/5) D:15

Altars:
Ashenzari
Cheibriados
Dithmenos
Elyvilon
Fedhas
Gozag
Hepliaklqana
Kikubaaqudgha
Makhleb
Nemelex Xobeh
Okawaru
Qazlal
Ru
Sif Muna
Trog
Uskayaw
Vehumet
Xom
Yredelemnul
Zin
The Shining One
Beogh
Jiyva

Shops:
D:9 [   D:14 }   Orc:2 !:![(

Annotations:
Lair:2 exclusion: oklob plant


Innate Abilities, Weirdness & Mutations

You have a pair of large antennae on your head. (SInv)
You are mostly covered in yellow scales. (AC +3)
Your flesh is heat resistant. (rF+)
You are completely covered in sharp spines.
You are immune to clouds of flame.
You have sharp toenails.
You possess an exceptional clarity of mind.
Armour fits poorly on your strangely shaped body.
Your body sometimes deteriorates upon taking damage.
You have an increased reservoir of magic. (+10% MP)
You are covered in fur. (AC +1)
Your muscles are strong. (Str +2)
You evolve.


Message History

Your skin crawls.
Your spiny frog zombie hits the shambling mangrove.
The spriggan rider hits you from afar with a spear of flaming!
* * * LOW HITPOINT WARNING * * *
The spriggan rider burns you.
* * * LOW HITPOINT WARNING * * *
The shambling mangrove hits your spiny frog zombie!!
Your spiny frog zombie is destroyed!
Casting: Regeneration
Confirm with . or Enter, or press ? or * to list all spells.
You call on the dead to rise...
The dead are flying!
The spriggan rider hits you from afar with a spear of flaming!
* * * LOW HITPOINT WARNING * * *
The spriggan rider burns you.
* * * LOW HITPOINT WARNING * * *
You feel much better.
You feel sick.
Roots rise up from beneath your swamp drake zombie and drag it to the ground.
The shambling mangrove hits you!!
You die...
Kikubaaqudgha rasps: "You have failed me!
Welcome... death!"

≈≈... ≈≈... ≈≈≈.§♣
≈≈≈≈.≈♣♣♣
♣≈≈≈...≈♣♣♣♣♣
≈≈≈≈≈.♣≈y≈♣
♣§≈≈iy≈.♣ ♣♣♣..Zf♣♣
♣≈....@.♣♣♣
♣≈.≈≈≈≈.≈§♣
♣♣..≈≈≈§.♣♣ ♣♣♣♣♣
♣≈♣♣..≈≈≈.♣♣
♣♣≈..♣♣♣≈..≈≈≈≈≈.♣♣
♣♣≈..≈≈≈≈≈≈≈≈≈≈≈≈≈.♣
♣♣..§.≈≈≈≈≈≈≈≈.≈≈≈.♣
.......≈≈≈≈≈.≈♣≈..♣♣
≈≈≈≈.≈≈≈≈≈≈≈.≈≈≈.≈♣


You could see a shambling mangrove, a spriggan rider, 2 hornets and a friendly
swamp drake zombie.

Vanquished Creatures
  A tentacled monstrosity (Swamp:3)
  The ghost of Frank the Basher, a journeyman GrFi of the Shining One (Lair:6)
  Snorg (D:13)
  A vault guard (D:14)
  2 alligators (Swamp:2)
  6 hydras
  2 ghost crabs
  3 centaur warriors
  A dancing weapon (Orc:2)
  A catoblepas (Lair:6)
  An ogre mage (Volcano)
  8 two-headed ogres
  8 death yaks
  A tengu warrior (D:15)
  2 orc high priests (Orc:2)
  Nergalle (Lair:2)
  A spriggan (Swamp:3)
  A hell knight (Volcano)
  4 unseen horrors
  A glowing orange brain (D:15)
  The ghost of polve the Carver, a novice DsAK of Lugonu (D:10)
  A wizard (D:15)
  6 orc knights
  4 ugly things
  An orb spider (shapeshifter) (D:15)
  A deep elf mage (D:12)
  6 orc sorcerers
  A manticore (D:7)
  2 cyclopes
  A black mamba (shapeshifter) (D:14)
  An elephant (shapeshifter) (D:15)
  4 elephants
  A black mamba (Lair:1)
  15 spiny frogs
  2 kobold demonologists (D:14)
  4 rime drakes
  2 freezing wraiths (D:12)
  6 komodo dragons
  2 trolls
  2 polar bears
  A harpy zombie (D:15)
  3 meliai (D:15)
  3 hornets
  Grinder (D:6)
  2 tyrant leeches
  A wind drake (shapeshifter) (D:15)
  12 slime creatures
  3 blink frogs (Lair:4)
  9 hippogriffs
  A bog body (Swamp:1)
  Prince Ribbit (D:8)
  Sigmund (D:4)
  4 wyverns
  A vampire (D:14)
  6 wraiths
  A hog (D:7)
  42 yaks
  3 basilisks
  7 fire bats (Volcano)
  2 hungry ghosts
  2 steam dragons
  4 insubstantial wisps (Swamp:3)
  2 wargs
  15 swamp worms
  6 water moccasins
  24 vampire mosquitoes
  3 nagas (Lair:2)
  5 porcupines
  Duvessa (D:4)
  4 swamp drakes
  4 ice beasts
  A black bear (D:6)
  A black bear (shapeshifter) (D:15)
  5 phantoms
  26 orc warriors
  6 sky beasts
  2 eyes of draining
  4 ogres
  6 wolves
  9 centaurs
  2 necrophages (D:13)
  8 crocodiles
  2 big kobolds
  14 bullfrogs
  A water moccasin zombie (D:9)
  5 scorpions
  Dowan (D:4)
  3 killer bees (D:13)
  6 wights
  2 electric eels
  4 howler monkeys
  7 crimson imps
  3 centaur zombies
  6 lava snakes (Volcano)
  A quasit (D:14)
  Crazy Yiuf (D:6)
  5 hounds
  6 jellies
  18 orc priests
  4 bullfrog skeletons
  3 centaur skeletons
  A gnoll shaman (D:7)
  3 iguanas
  19 orc wizards
  10 worker ants
  7 hell rats (Lair:5)
  A killer bee zombie (D:5)
  2 hound zombies (D:8)
  2 hound skeletons
  A howler monkey zombie (D:7)
  Robin (D:3)
  A worker ant zombie (D:5)
  11 adders
  8 gnolls
  5 shadow imps
  An ooze (Lair:6)
  2 adder zombies
  4 worms
  A dart slug (D:1)
  7 leopard geckos
  70 orcs
  11 giant cockroaches
  18 goblins
  7 hobgoblins
  12 jackals
  23 kobolds
  2 quokkas
  A ball python (D:1)
  2 bats
  3 frilled lizards
  2 giant cockroach zombies
  A jackal skeleton (D:4)
  A leopard gecko skeleton (D:8)
  A leopard gecko zombie (D:7)
  A quokka skeleton (D:7)
  A quokka zombie (D:5)
  5 rats
694 creatures vanquished.

Vanquished Creatures (collateral kills)
  Bai Suzhen (Swamp:3)
  Jorgrun (Swamp:3)
  Louise (Swamp:3)
  A dire elephant (Lair:6)
  2 hydras
  2 catoblepae
  A death knight (D:12)
  A two-headed ogre (Orc:1)
  A deep troll shaman (Lair:6)
  A death yak (Lair:4)
  An orc high priest (Orc:2)
  A tengu warrior (D:15)
  Sonja (D:11)
  A spriggan druid (Swamp:3)
  2 shambling mangroves (Swamp:3)
  An orc knight (Orc:1)
  An ugly thing (D:13)
  A manticore (D:15)
  A black mamba (Lair:4)
  Joseph (Lair:1)
  2 centaur skeletons
  4 spiny frogs
  2 komodo dragons
  A polar bear (Lair:5)
  A troll (Orc:2)
  A hornet (D:15)
  2 slime creatures
  A blink frog (Lair:4)
  2 hippogriffs
  A wraith (D:12)
  11 yaks
  A wyvern (D:14)
  2 hogs (D:7)
  A human (D:7)
  Menkaure (D:6)
  3 swamp worms
  2 wargs
  A water moccasin (Lair:6)
  5 orc warriors
  4 porcupines
  An ice beast (D:8)
  A necrophage (D:8)
  An eye of draining (shapeshifter) (D:15)
  3 centaurs
  3 wolves
  2 crocodiles
  2 big kobolds
  A bullfrog (D:7)
  3 wights
  3 howler monkeys
  A crimson imp (D:15)
  A quasit (D:15)
  A hound (D:10)
  2 orc priests
  A gnoll shaman (D:9)
  An iguana (D:11)
  An orc wizard (D:8)
  A worker ant zombie (D:7)
  A gnoll (D:9)
  An adder (D:7)
  A dart slug (D:1)
  A leopard gecko (D:3)
  10 orcs
  2 giant cockroaches (D:2)
  3 goblins (D:8)
  2 hobgoblins (D:2)
  A bat (D:1)
  3 fungi
  4 plants
129 creatures vanquished.

Vanquished Creatures (others)
  8 fungi
  2 plants (Lair:5)
10 creatures vanquished.

Grand Total: 833 creatures vanquished

Notes
Turn   | Place    | Note
-------+----------+-------------------------------------------
     0 | D:1      | Inarius the Demonspawn Necromancer began the quest for the Orb.
     0 | D:1      | Reached XP level 1. HP: 13/13 MP: 3/3
    73 | D:1      | Learned a level 1 spell: Animate Skeleton
   745 | D:1      | Gained mutation: Your flesh is heat resistant. (rF+) [demonic ancestry]
   745 | D:1      | Reached XP level 2. HP: 17/20 MP: 1/5
  1193 | D:1      | Gained mutation: You are partially covered in yellow scales. (AC +2) [demonic ancestry]
  1193 | D:1      | Reached XP level 3. HP: 13/25 MP: 2/6
  1526 | D:2      | Reached skill level 1 in Fighting
  1526 | D:2      | Reached skill level 5 in Necromancy
  1531 | D:2      | Learned a level 3 spell: Vampiric Draining
  1777 | D:1      | Reached skill level 1 in Armour
  2097 | D:2      | Gained mutation: You have a pair of small antennae on your head. [demonic ancestry]
  2097 | D:2      | Reached XP level 4. HP: 24/32 MP: 8/8
  2135 | D:2      | Found a basalt altar of Yredelemnul.
  2394 | D:2      | Learned a level 3 spell: Regeneration
  3043 | D:3      | Gained mutation: You have a pair of antennae on your head. [demonic ancestry]
  3043 | D:3      | Reached XP level 5. HP: 34/38 MP: 7/9
  3183 | D:3      | Found a glowing silver altar of Zin.
  3209 | D:3      | Noticed Robin
  3219 | D:3      | Killed Robin
  3419 | D:3      | Got a transparent helmet
  3435 | D:3      | Identified the +2 helmet of Untold Secrets {rF+ rCorr Int-4} (You took it off Robin on level 3 of the Dungeon)
  3563 | D:3      | Found a blossoming altar of Fedhas.
  3563 | D:3      | Noticed a sky beast
  3576 | D:3      | Killed a sky beast
  3576 | D:3      | Gained mutation: You are partially covered in sharp spines. [demonic ancestry]
  3576 | D:3      | Reached XP level 6. HP: 42/44 MP: 1/10
  3580 | D:3      | Gained mutation: You evolve. [mutagenic meat]
  3581 | D:3      | Gained mutation: Your muscles are strong. (Str +2) [mutagenic meat]
  3582 | D:3      | Gained mutation: You possess an exceptional clarity of mind. [mutagenic meat]
  3583 | D:3      | Gained mutation: You have a pair of large antennae on your head. (SInv) [mutagenic meat]
  3871 | D:4      | Reached skill level 6 in Necromancy
  3910 | D:4      | Found a staircase to the Ecumenical Temple.
  3920 | Temple   | Entered the Ecumenical Temple
  4001 | D:4      | Reached skill level 1 in Charms
  4028 | D:4      | Noticed Duvessa
  4028 | D:4      | Noticed Dowan
  4088 | D:4      | Noticed Sigmund
  4101 | D:4      | Killed Sigmund
  4101 | D:4      | Reached XP level 7. HP: 47/50 MP: 2/12
  4108 | D:4      | Learned a level 4 spell: Animate Dead
  4198 | D:4      | Lost mutation: Your muscles are strong. (Str +2) [evolution]
  4198 | D:4      | Lost mutation: You evolve. [end of evolution]
  4235 | D:4      | Killed Duvessa
  4236 | D:4      | Killed Dowan
  4236 | D:4      | Reached skill level 7 in Necromancy
  4655 | D:4      | Found a sacrificial altar of Ru.
  4777 | D:5      | Entered Level 5 of the Dungeon
  5054 | D:5      | Found a white marble altar of Elyvilon.
  5213 | D:5      | Reached XP level 8. HP: 56/57 MP: 14/14
  5492 | D:6      | Reached skill level 1 in Evocations
  5533 | D:6      | Reached skill level 8 in Necromancy
  5662 | D:6      | Noticed Grinder
  5675 | D:6      | Killed Grinder
  5889 | D:6      | Reached skill level 5 in Spellcasting
  6102 | D:6      | Noticed Menkaure
  6109 | D:6      | Killed Menkaure
  6125 | D:6      | Gained mutation: You are mostly covered in sharp spines. [demonic ancestry]
  6125 | D:6      | Reached XP level 9. HP: 45/63 MP: 4/17
  6269 | D:6      | Found an ancient bone altar of Kikubaaqudgha.
  6368 | D:6      | Became a worshipper of Kikubaaqudgha
  6459 | D:6      | Found a runed door.
  6463 | D:6      | Noticed Crazy Yiuf
  6470 | D:6      | Killed Crazy Yiuf
  6476 | D:6      | Got an ancient mace
  6477 | D:6      | Identified the +3 mace "Feary" {crush, +Inv MP+9 Int+2 Dex+4} (You found it on level 6 of the Dungeon)
  6571 | D:7      | Reached skill level 9 in Necromancy
  6708 | D:7      | Learned a level 4 spell: Control Undead
  6813 | D:7      | Reached * piety under Kikubaaqudgha
  6813 | D:7      | Identified Kikubaaqudgha's Guide on Necromancy (Kikubaaqudgha gifted it to you on level 7 of the Dungeon)
  6813 | D:7      | Received a gift from Kikubaaqudgha
  6816 | D:7      | Reached skill level 1 in Maces & Flails
  6917 | D:7      | Noticed a manticore
  6954 | D:7      | Killed a manticore
  6954 | D:7      | Reached skill level 10 in Necromancy
  7196 | D:7      | Got a fine mace
  7200 | D:7      | Got a warped whip
  7205 | D:7      | Got a crystal flail
  7240 | D:7      | Identified the +10 mace of the Rattle-Snake {protect, MR+} (You found it on level 7 of the Dungeon)
  7241 | D:7      | Identified the +5 whip of Hamu {protect, +Blink rF+} (You found it on level 7 of the Dungeon)
  7242 | D:7      | Identified the +4 flail of Benudd {crush, rElec Dex+4 SInv Stlth+} (You found it on level 7 of the Dungeon)
  7637 | D:7      | Gained mutation: You are completely covered in sharp spines. [demonic ancestry]
  7637 | D:7      | Reached XP level 10. HP: 48/71 MP: 19/19
  7643 | D:7      | Reached skill level 5 in Armour
  7938 | D:8      | Found a flagged portal.
  7939 | D:8      | Reached ** piety under Kikubaaqudgha
  7949 | Bailey   | Entered a bailey
  8021 | Bailey   | Noticed an orc knight
  8021 | Bailey   | Noticed an orc knight
  8125 | D:8      | Noticed Prince Ribbit
  8130 | D:8      | Killed Prince Ribbit
  8498 | D:8      | Found a white marble altar of Elyvilon.
  8572 | D:8      | Reached skill level 11 in Necromancy
  8958 | D:8      | Reached *** piety under Kikubaaqudgha
  8958 | D:8      | Identified Kikubaaqudgha's Papyrus of Darkness (Kikubaaqudgha gifted it to you on level 8 of the Dungeon)
  8958 | D:8      | Received a gift from Kikubaaqudgha
  8973 | D:8      | Learned a level 5 spell: Agony
  9203 | D:9      | Lost mutation: You have a pair of large antennae on your head. (SInv) [mutagenic meat]
  9204 | D:9      | Gained mutation: You evolve. [mutagenic meat]
  9205 | D:9      | Gained mutation: Scrolls take you a little longer to read. [mutagenic meat]
  9206 | D:9      | Gained mutation: Your system is resistant to poisons. (rPois) [mutagenic meat]
  9213 | D:9      | Found a staircase to the Orcish Mines.
  9509 | D:9      | Found an opulent altar of Gozag.
  9510 | D:9      | Found a shimmering altar of Xom.
  9797 | D:9      | Found Etamomn's Antique Armour Shoppe.
  9800 | D:9      | Bought a buckler for 153 gold pieces
  9804 | D:9      | Bought a pair of gloves for 153 gold pieces
 10315 | D:10     | Entered Level 10 of the Dungeon
 10402 | D:10     | Noticed polve's ghost (novice DsAK)
 10428 | D:10     | Killed polve's ghost
 10428 | D:10     | Reached skill level 1 in Shields
 10523 | D:10     | Reached **** piety under Kikubaaqudgha
 10558 | D:10     | Reached XP level 11. HP: 77/77 MP: 22/22
 10678 | D:10     | Killed an unseen horror
 10678 | D:10     | Reached skill level 12 in Necromancy
 10954 | D:10     | Gained mutation: Your spells are a little easier to cast, but a little less powerful. [mutagenic meat]
 10955 | D:10     | Gained mutation: Your flesh is very heat resistant. (rF++) [mutagenic meat]
 10956 | D:10     | Gained mutation: You are occasionally teleported next to monsters. [mutagenic meat]
 10965 | D:10     | Lost mutation: Your flesh is very heat resistant. (rF++) [potion of mutation]
 10965 | D:10     | Lost mutation: Scrolls take you a little longer to read. [potion of mutation]
 10965 | D:10     | Lost mutation: Your system is resistant to poisons. (rPois) [potion of mutation]
 10965 | D:10     | Gained mutation: You have an increased reservoir of magic. (+10% MP) [potion of mutation]
 10965 | D:10     | Gained mutation: You are dopey. (Int -2) [potion of mutation]
 10965 | D:10     | Gained mutation: You have sharp toenails. [potion of mutation]
 10966 | D:10     | Lost mutation: Your spells are a little easier to cast, but a little less powerful. [potion of mutation]
 10966 | D:10     | Lost mutation: You are occasionally teleported next to monsters. [potion of mutation]
 10966 | D:10     | Gained mutation: You are covered in fur. (AC +1) [potion of mutation]
 11277 | D:11     | Noticed a two-headed ogre
 11280 | D:11     | Noticed a two-headed ogre
 11287 | D:11     | Killed a two-headed ogre
 11292 | D:11     | Killed a two-headed ogre
 11397 | D:11     | Noticed Sonja
 11406 | D:11     | Killed Sonja
 11469 | D:11     | Lost mutation: You are dopey. (Int -2) [evolution]
 11549 | D:11     | Killed an unseen horror
 11676 | D:11     | Found a staircase to the Lair.
 11768 | D:11     | Reached ***** piety under Kikubaaqudgha
 11948 | D:12     | Learned a level 5 spell: Bolt of Draining
 11996 | D:12     | Noticed a purple ugly thing
 12005 | D:12     | Killed a purple ugly thing
 12005 | D:12     | Gained mutation: You are immune to clouds of flame. [demonic ancestry]
 12005 | D:12     | Reached XP level 12. HP: 60/84 MP: 23/27
 12138 | D:12     | Noticed a death knight
 12145 | D:12     | Killed a death knight
 12165 | D:12     | Reached skill level 13 in Necromancy
 12302 | D:12     | Reached skill level 1 in Conjurations
 12374 | D:12     | Gained mutation: Armour fits poorly on your strangely shaped body. [evolution]
 12799 | Lair:1   | Entered Level 1 of the Lair of Beasts
 13060 | Lair:1   | Noticed Joseph
 13083 | Lair:1   | Reached skill level 5 in Maces & Flails
 13088 | Lair:1   | Killed Joseph
 13671 | Lair:2   | Noticed Nergalle
 13691 | Lair:2   | Killed Nergalle
 13691 | Lair:2   | Reached skill level 5 in Fighting
 13777 | Lair:2   | Reached skill level 10 in Spellcasting
 14150 | Lair:2   | Found a staircase to the Snake Pit.
 14314 | Lair:2   | Gained mutation: Your muscles are strong. (Str +2) [evolution]
 14551 | Lair:3   | Noticed a seven-headed hydra
 14555 | Lair:3   | Killed a seven-headed hydra
 14597 | Lair:3   | Found a dark tunnel.
 14607 | Lair:3   | Reached skill level 14 in Necromancy
 14617 | Volcano  | Entered a volcano
 14785 | Volcano  | Noticed a two-headed ogre
 14785 | Volcano  | Noticed a two-headed ogre
 14791 | Volcano  | Killed a two-headed ogre
 14792 | Volcano  | Killed a two-headed ogre
 14795 | Volcano  | Noticed a two-headed ogre
 14797 | Volcano  | Noticed a two-headed ogre
 14809 | Volcano  | Killed a two-headed ogre
 14809 | Volcano  | Reached XP level 13. HP: 85/92 MP: 14/30
 15011 | Volcano  | Found a radiant altar of Vehumet.
 15034 | Volcano  | Found a burning altar of Makhleb.
 15424 | Lair:3   | Learned a level 5 spell: Dispel Undead
 15427 | Lair:3   | Learned a level 2 spell: Sublimation of Blood
 15878 | Lair:4   | Gained mutation: You have a pair of large antennae on your head. (SInv) [demonic ancestry]
 15878 | Lair:4   | Reached XP level 14. HP: 77/108 MP: 25/31
 16600 | Lair:4   | Reached skill level 15 in Necromancy
 16851 | Lair:4   | Found a staircase to the Swamp.
 17319 | Lair:5   | Reached skill level 5 in Conjurations
 17464 | Lair:5   | Got a scintillating marble ring
 17466 | Lair:5   | Identified the cursed ring of the Disturbing Nights {rC+ Int-2} (You found it on level 5 of the Lair of Beasts)
 17901 | Lair:6   | Entered Level 6 of the Lair of Beasts
 18037 | Lair:6   | Noticed Frank's ghost (journeyman GrFi)
 18041 | Lair:6   | Killed Frank's ghost
 18141 | Lair:6   | Reached ****** piety under Kikubaaqudgha
 18155 | Lair:6   | Found a runed door.
 18156 | Lair:6   | Found a viscous altar of Jiyva.
 18158 | Lair:6   | Found a staircase to the Slime Pits.
 18311 | Lair:6   | Reached skill level 16 in Necromancy
 18437 | Lair:6   | Got a shimmering great mace
 18459 | Lair:6   | Got a heavy robe
 18470 | Lair:6   | Identified the +1 robe of Light {Regen+ Str-2 Int+8 Dex+4} (You found it on level 6 of the Lair of Beasts)
 18642 | Lair:6   | Gained mutation: You are mostly covered in yellow scales. (AC +3) [demonic ancestry]
 18642 | Lair:6   | Reached XP level 15. HP: 88/113 MP: 32/33
 19881 | D:13     | Noticed Snorg
 19885 | D:13     | Killed Snorg
 20075 | Orc:1    | Entered Level 1 of the Orcish Mines
 20183 | Orc:1    | Reached skill level 17 in Necromancy
 20456 | Orc:2    | Entered Level 2 of the Orcish Mines
 20687 | Orc:2    | Found Foigul's Distillery.
 20902 | Orc:2    | Found Yporghiy's Distillery.
 20913 | Orc:2    | Found Xemuhi's Book Boutique.
 20971 | Orc:2    | Found Puireh's Armour Shoppe.
 21030 | Orc:2    | Bought a potion of heal wounds for 60 gold pieces
 21036 | Orc:2    | Bought a potion of heal wounds for 70 gold pieces
 21036 | Orc:2    | Bought a potion of heal wounds for 70 gold pieces
 21186 | Orc:2    | Found Igafaur's Antique Weapon Shoppe.
 21219 | Orc:2    | Found a roughly hewn altar of Beogh.
 21428 | Orc:2    | Found a staircase to the Elven Halls.
 21847 | D:14     | Paralysed by a hornet for 1 turns
 22007 | D:14     | Identified a scroll of acquirement
 22013 | D:14     | Got a faintly glowing lead amulet
 22372 | D:14     | Found Ipeotir's Gadget Shoppe.
 22601 | D:14     | Found a gate to the Vaults.
 22721 | D:15     | Entered Level 15 of the Dungeon
 22887 | D:15     | Identified the amulet of Duifet {Gourm MR+ Int-3 Dex+9} (You acquired it on level 14 of the Dungeon)
 22907 | D:15     | Learned a level 5 spell: Excruciating Wounds
 23154 | D:15     | Reached skill level 18 in Necromancy
 23154 | D:15     | Reached skill level 5 in Evocations
 23603 | D:15     | Gained mutation: Your body sometimes deteriorates upon taking damage. [evolution]
 23756 | D:15     | Found a staircase to the Depths.
 24232 | Swamp:1  | Entered Level 1 of the Swamp
 24265 | Swamp:1  | Reached XP level 16. HP: 121/121 MP: 35/35
 25396 | Swamp:3  | Noticed a tentacled monstrosity
 25417 | Swamp:3  | Noticed Jorgrun
 25428 | Swamp:3  | Killed Jorgrun
 25588 | Swamp:3  | Noticed Bai Suzhen
 25602 | Swamp:3  | Killed Bai Suzhen
 25690 | Swamp:3  | Reached skill level 19 in Necromancy
 25690 | Swamp:3  | Reached skill level 10 in Fighting
 25753 | Swamp:3  | Noticed Louise
 25765 | Swamp:3  | Killed Louise
 25920 | Swamp:3  | Killed a tentacled monstrosity
 26072 | Swamp:3  | Slain by a shambling mangrove

Skill      XL: |  1  2  3  4  5  6  7  8  9 10 11 12 13 14 15 16 |
---------------+-------------------------------------------------+-----
Fighting       | 1 2 3 4 5 9 10 | 10.0
Necromancy     | 5 6 7 8 10 11 12 14 16 18 19 | 19.1
Armour         | 1 2 3 4 5 |  5.8
Dodging        | 2 3 4 |  4.8
Spellcasting   | 3 4 5 6 7 9 10 11 12 | 12.4
Charms         | 1 3 |  3.8
Evocations     | 2 3 4 5 |  5.9
Maces & Flails | 2 3 4 5 6 |  6.4
Shields        | 1 4 |  4.3
Conjurations   | 3 5 7 |  7.9
Polearms       | |  0.5
Stealth        | |  1.7

Action                   |  1- 3 |  4- 6 |  7- 9 | 10-12 | 13-15 | 16-18 || total
-------------------------+-------+-------+-------+-------+-------+-------++-------
Melee: Spear             |    53 |   156 |       |       |       |       ||   209
       Unarmed           |     1 |       |       |       |       |       ||     1
       Dagger            |       |    62 |   231 |       |       |       ||   293
       Mace              |       |       |    99 |   433 |   459 |    79 ||  1070
       Whip              |       |       |       |    19 |     7 |       ||    26
       Flail             |       |       |       |     7 |     9 |       ||    16
 Cast: Pain              |    38 |    24 |    28 |   113 |    47 |     5 ||   255
       Animate Skeleton  |     9 |     9 |    13 |    33 |    40 |     3 ||   107
       Vampiric Draining |     3 |    11 |    38 |    80 |   115 |    27 ||   274
       Regeneration      |       |     6 |     9 |    27 |    40 |     5 ||    87
       Animate Dead      |       |       |    11 |    35 |    60 |    14 ||   120
       Control Undead    |       |       |     2 |    18 |    11 |       ||    31
       Agony             |       |       |       |    25 |    55 |    11 ||    91
       Bolt of Draining  |       |       |       |    22 |   121 |    26 ||   169
       Sublimation of Bl |       |       |       |       |    16 |     2 ||    18
       Dispel Undead     |       |       |       |       |    26 |    17 ||    43
Invok: Receive Corpses   |       |       |       |       |       |     3 ||     3
Evoke: Wand              |       |       |     6 |     2 |     2 |     3 ||    13
  Use: Scroll            |     5 |     5 |     6 |    11 |    15 |     5 ||    47
       Potion            |       |       |     1 |     9 |     2 |     2 ||    14
 Stab: Sleeping          |     1 |     2 |       |     2 |     1 |       ||     6
       Distracted        |       |       |     5 |     4 |    10 |     2 ||    21
       Petrified         |       |       |       |       |     7 |       ||     7
  Eat: Chunk             |     5 |    10 |    15 |    43 |    35 |     5 ||   113
       Bread ration      |       |     1 |       |     1 |     1 |       ||     3
       Fruit             |       |       |       |     2 |     7 |     5 ||    14
Armor: Robe              |     8 |    43 |       |       |    91 |    39 ||   181
       Ring mail         |       |    49 |   107 |   204 |    85 |       ||   445
       Chain mail        |       |       |       |     7 |       |       ||     7
Dodge: Dodged            |    54 |   154 |   179 |   275 |   329 |    56 ||  1047
Block: Buckler           |       |       |       |   128 |   176 |    37 ||   341
